 Dungeon Crawl Stone Soup version 0.31-a0-232-gb1c03b2570 (webtiles) character file.

Game seed: 2702296700600867279

409 qw the Shooter (level 6, -2/38 HPs)
             Began as a Gargoyle Hexslinger on July 7, 2023.
             Slain by a wight
             ... wielding a +0 spear
              (5 damage)
             ... on level 6 of the Dungeon.
             The game lasted 00:01:09 (2633 turns).

qw the Shooter (Gargoyle Hexslinger)                Turns: 2633, Time: 00:01:10

Health: -2/38      AC: 11    Str: 12    XL:     6   Next: 89%
Magic:  7/7        EV: 10    Int: 13    God:
Gold:   233        SH:  0    Dex: 16    Spells: 6/7 levels left

rFire   + . .        Y - +1 sling (freeze)
rCold   . . .        (no shield)
rNeg    + + .        m - +0 ring mail
rPois   inf          (no helmet)
rElec   +            f - +0 cloak
rCorr   .            n - +0 pair of gloves
SInv    .            (no boots)
Will    +....        (no amulet)
Stlth   +            c - ring "Qiuxzick" {rF+ rN+ Dex+2}
HPRegen 0.26/turn    g - ring of willpower
MPRegen 0.10/turn

%: no passive effects
@: no status effects
A: sickness immunity, AC +4, negative energy resistance 1, electricity
resistance, torment resistance 1, petrification resistance
a: no special abilities


You were on level 6 of the Dungeon.
You visited 1 branch of the dungeon, and saw 5 of its levels.

You collected 233 gold pieces.


Innate Abilities, Weirdness & Mutations

You are immune to sickness and miasma.
Your stone body is resilient. (AC +4)
You are immune to poison.
You resist negative energy. (rN+)
You are resistant to electric shocks. (rElec)
You are resistant to unholy torment.
You are immune to petrification.


   Skills:
 + Level 3.8 Fighting
 - Level 6.0 Ranged Weapons
 - Level 1.1 Armour
 - Level 1.5 Dodging
 - Level 1.0 Spellcasting
 - Level 2.6 Hexes


You had 6 spell levels left.
You knew the following spells:

 Your Spells              Type           Power      Damage    Failure   Level
a - Slow                  Hex            28%        N/A       22%         1

Your spell library contained the following spells:

 Spells                   Type           Power      Damage    Failure   Level
 Inner Flame              Hex/Fire       4%         N/A       73%         3
 Portal Projectile        Hex/Tloc       8%         N/A       73%         3
 Cause Fear               Hex            3%         N/A       91%         4

Inventory:

Hand Weapons
 Y - a +1 sling of freezing (weapon)
Armour
 f - a +0 cloak (worn)
 m - a +0 ring mail (worn)
 n - a +0 pair of gloves (worn)
Jewellery
 c - the ring "Qiuxzick" (left hand) {rF+ rN+ Dex+2}
   (You found it on level 3 of the Dungeon)

   [ring of positive energy]

   Dex:       It affects your dexterity (+2).
   rF:        It protects you from fire.
   rN:        It protects you from negative energy.
 g - a ring of willpower (right hand)
Wands
 d - a wand of digging (4)
Scrolls
 a - a scroll of identify
Potions
 b - a potion of enlightenment
 e - 2 potions of curing
 h - a potion of magic {unknown}
 j - a potion of haste {unknown}
 l - a potion of heal wounds {unknown}
 o - a potion of lignification {unknown}

Dungeon Overview and Level Annotations

Branches:
Dungeon (4/15)
 Temple: D:4-7

Altars:
Elyvilon
Gozag
Nemelex Xobeh
Qazlal
Ru
Sif Muna


Message History

The sling bullet hits the shadow imp but does no damage.
The shadow imp is heavily wounded.
The wight closely misses you.
The shadow imp shouts, "Away with thee, thou fawning toot-wallowing cross-patch!"
The shadow imp hits you but does no damage.
You shoot a sling bullet.
The sling bullet closely misses the shadow imp.
The wight misses you.
The shadow imp hits you but does no damage.
You shoot a sling bullet.
The sling bullet barely misses the shadow imp.
The wight hits you from afar with a +0 spear.
The shadow imp hits you but does no damage.
The shadow imp hits you. The wight hits you but does no damage.
You shoot a sling bullet.
The sling bullet barely misses the shadow imp.
The wight barely misses you. The shadow imp barely misses you.
You shoot a sling bullet.
The sling bullet closely misses the shadow imp.
The wight hits you but does no damage. The shadow imp hits you.
You shoot a sling bullet. The sling bullet hits the shadow imp!
You kill the shadow imp!
The wight hits you from afar with a +0 spear.
You shoot a sling bullet.
The sling bullet closely misses the wight.
The wight hits you but does no damage.
You shoot a sling bullet.
The sling bullet closely misses the wight.
The wight hits you but does no damage. x2
You shoot a sling bullet.
The sling bullet closely misses the wight.
The wight hits you but does no damage.
You shoot a sling bullet. The sling bullet hits the wight!
The wight is severely damaged.
The wight barely misses you.
You shoot a sling bullet.
The sling bullet hits the wight but does no damage.
The wight is severely damaged.
The wight hits you from afar with a +0 spear.
You die...

# #######.#
z......#
...########).....##
...........@.......
###########........
##.....## .....#
.#.### .#.# .# # .+


You could see a wight.

Vanquished Creatures
  An ogre (D:4)
  A wight (D:6)
  3 iguanas (D:4)
  Natasha (thrice) (D:3)
  5 adders
  A shadow imp (D:6)
  A worm (D:2)
  2 dart slugs
  An orc (D:3)
  5 ball pythons
  4 endoplasms
  3 giant cockroaches
  4 goblins
  8 hobgoblins
  8 jackals
  2 quokkas
  A bat (D:1)
  2 frilled lizards (D:1)
  6 kobolds
  9 rats
70 creatures vanquished.

Notes
Turn   | Place    | Note
-------+----------+-------------------------------------------
     0 | D:1      | qw the Gargoyle Hexslinger began the quest for the Orb.
     0 | D:1      | Reached XP level 1. HP: 12/12 MP: 2/2
     0 | D:1      | 0 ||| qw: Version: 0.3-a-46-gb1f654a
     0 | D:1      | 0 ||| qw: Game counter: 2404
     0 | D:1      | 0 ||| qw: Melee chars always use a shield: true
     0 | D:1      | 0 ||| qw: God list: Okawaru
     0 | D:1      | 0 ||| qw: Allow faded altars: false
     0 | D:1      | 0 ||| qw: Do Orc after clearing Dungeon:15 true
     0 | D:1      | 0 ||| qw: Do second Lair branch before Depths: true
     0 | D:1      | 0 ||| qw: Lair rune preference: random
     0 | D:1      | 0 ||| qw: Goals: Normal
     0 | D:1      | 0 ||| PLANNING D:1-11
   191 | D:1      | Reached XP level 2. HP: 16/16 MP: 3/3
   429 | D:1      | Reached skill level 3 in Ranged Weapons
   429 | D:1      | 429 ||| FLEEEEING.
   430 | D:1      | 430 ||| FLEEEEING.
   431 | D:1      | 431 ||| FLEEEEING.
   432 | D:1      | 432 ||| FLEEEEING.
   433 | D:1      | 433 ||| FLEEEEING.
   434 | D:1      | 434 ||| FLEEEEING.
   435 | D:1      | 435 ||| FLEEEEING.
   436 | D:1      | 436 ||| FLEEEEING.
   550 | D:1      | Reached XP level 3. HP: 8/21 MP: 4/4
   774 | D:1      | 774 ||| DROPPING scarf of harm.
   775 | D:1      | 775 ||| DRINKING 2 fuming silvery potions.
   776 | D:1      | 776 ||| DRINKING 3 bubbling orange potions.
   777 | D:1      | 777 ||| DROPPING scroll of poison.
   778 | D:1      | 778 ||| DROPPING 2 potions of attraction.
   896 | D:2      | Found a sparkling altar of Nemelex Xobeh.
  1040 | D:2      | Reached XP level 4. HP: 12/26 MP: 5/5
  1133 | D:2      | Reached skill level 4 in Ranged Weapons
  1422 | D:2      | HP: 3/26 [worm (5)]
  1563 | D:2      | 1563 ||| UPGRADING to +0 ring mail.
  1573 | D:2      | 1573 ||| DROPPING +0 robe.
  1574 | D:2      | 1574 ||| UPGRADING to +0 pair of gloves.
  1579 | D:2      | 1579 ||| READING 3 scrolls labelled FEMEIL POISENU.
  1580 | D:2      | 1580 ||| READING scroll labelled FOTU SUMPEVAUN.
  1581 | D:2      | 1581 ||| READING scroll labelled DOPPIU WIOCW.
  1582 | D:2      | 1582 ||| READING scroll labelled TAMNUSI CEWYIN.
  1583 | D:2      | 1583 ||| READING 2 scrolls of identify.
  1583 | D:2      | 1583 ||| IDENTIFYING inky potion
  1616 | D:3      | Found a shimmering blue altar of Sif Muna.
  1663 | D:3      | Identified the ring "Qiuxzick" {rF+ rN+ Dex+2}
  1722 | D:3      | Found a sacrificial altar of Ru.
  1722 | D:3      | Found a stormy altar of Qazlal.
  1722 | D:3      | Found an opulent altar of Gozag.
  1722 | D:3      | Found a white marble altar of Elyvilon.
  1725 | D:3      | Reached skill level 1 in Armour
  2109 | D:3      | Noticed Natasha
  2110 | D:3      | Killed Natasha
  2111 | D:3      | Reached XP level 5. HP: 30/30 MP: 6/6
  2170 | D:3      | Noticed Natasha
  2173 | D:3      | Killed Natasha
  2174 | D:3      | Reached skill level 5 in Ranged Weapons
  2285 | D:3      | 2285 ||| UPGRADING to +0 cloak.
  2290 | D:3      | 2290 ||| UPGRADING to ring "Qiuxzick" {rF+ rN+ Dex+2}.
  2291 | D:3      | 2291 ||| UPGRADING to ring of willpower.
  2292 | D:3      | 2292 ||| READING scroll labelled UTEIREEXKA.
  2297 | D:3      | 2297 ||| READING 2 scrolls of identify.
  2297 | D:3      | 2297 ||| IDENTIFYING fuming grey potion
  2298 | D:3      | 2298 ||| DROPPING potion of brilliance.
  2321 | D:3      | Noticed Natasha
  2323 | D:3      | Killed Natasha
  2351 | D:4      | Reached skill level 3 in Fighting
  2382 | D:4      | 2382 ||| READING scroll of brand weapon.
  2382 | D:4      | 2382 ||| BRANDING +1 sling of electrocution.
  2411 | D:4      | Reached XP level 6. HP: 37/37 MP: 7/7
  2542 | D:4      | Reached skill level 6 in Ranged Weapons
  2599 | D:4      | You fall into a shaft and drop 2 floors!
  2622 | D:6      | HP: 6/38 [shadow imp (4)]
  2627 | D:6      | HP: 2/38 [shadow imp (2)]
  2633 | D:6      | Slain by a wight

Levels and vault maps discovered:
D:1:      mrwooster_arrival_statue_2, layout_loops_ring
D:2:      layout_basic, basic_altar
D:3:      layout_loops_ring, mainiacjoe_overflow_six_doors_small,
          chequers_temple_overflow_statue_of_worship, grunt_decor_clamped,
          uniq_natasha
D:4:      layout_loops_ring
D:6:      layout_loops_ring, serial_shops, nicolae_shop_rolling_square,
          grunt_ministairs_7, nicolae_wooded_promenade, minmay_holes,
          minmay_misc_feat_nine_boxes

Skill      XL: |  1  2  3  4  5  6 |
---------------+-------------------+-----
Ranged Weapons | 3 4 5 6 |  6.0
Fighting       | 2 3 |  3.8
Armour         | 1 |  1.1
Dodging        | |  1.5
Spellcasting   | |  1.0
Hexes          | |  2.6

Action                     |  1- 3 |  4- 6 || total
---------------------------+-------+-------++-------
   Fire: Sling             |   140 |   160 ||   300
    Use: Potion            |     2 |       ||     2
         Scroll            |       |     8 ||     8
 Armour: Robe              |    26 |    10 ||    36
         Ring mail         |       |    31 ||    31
  Dodge: Dodged            |    59 |    63 ||   122

Table legend:
 A = Non-vault XP
 B = Vault XP
 C = Vault XP percentage of total XP
 D = Non-vault monster count
 E = Vault monster count
 F = Vault count percentage of total count
                 A         B        C        D         E       F
            +---------+---------+-------+---------+---------+-------
      Total |     550 |      35 |   6.0 |      69 |       1 |   1.4
            +---------+---------+-------+---------+---------+-------
        D:1 |      41 |       0 |   0.0 |      25 |       0 |   0.0
        D:2 |      79 |       0 |   0.0 |      24 |       0 |   0.0
        D:3 |     113 |      35 |  23.6 |      13 |       1 |   7.1
        D:4 |     228 |       0 |   0.0 |       5 |       0 |   0.0
        D:6 |      89 |       0 |   0.0 |       2 |       0 |   0.0
            +---------+---------+-------+---------+---------+-------
